Map: Berlingrad LE

Players

couchman

  • Race: Terran Terran

CBagRun - Winner!

  • Race: Zerg Zerg

VOD

Have the link to the VOD?

Description

Time

  • Played on: Dec. 13, 2021, 4:46 a.m.
  • Length: 5:32
Show
View Real Time Build Order
Export as new Build Order

couchman Terran 

Build Orders:  

Get SALT Encoding   

  12  0:00  SCV  
  13  0:12  SCV  
  14  0:20  Supply Depot  
  14  0:24  SCV  
  15  0:42  SCV  
  16  0:51  Refinery  
  16  0:54  SCV  
  17  1:06  SCV  
  18  1:18  SCV  
  19  1:19  Command Center  
  19  1:30  SCV  
  20  1:38  Refinery  
  20  1:42  SCV  
  21  1:56  SCV  
  23  2:08  SCV  
  23  2:30  SCV  
  23  2:33  Supply Depot  
  24  2:37  Supply Depot  
  24  2:42  SCV  
  25  2:45  SCV  
  26  2:54  SCV  
  26  2:57  SCV  
  28  3:01  Supply Depot  
  28  3:03  Barracks  
  28  3:07  SCV  
  28  3:09  SCV  
  24  3:39  SCV  
  25  3:51  SCV  
  25  3:52  Marine  
  25  3:53  Barracks  
  27  4:03  SCV  
  28  4:10  Marine  
  28  4:15  SCV  
  27  4:27  SCV  
  27  4:28  Marine  
  25  4:46  Marine  
  13  5:03  Marine  
Show
View Real Time Build Order
Export as new Build Order

CBagRun Zerg - Winner!

Build Orders: Pool Only 

Get SALT Encoding   

  12  0:01  Drone  
  13  0:14  Drone  
  14  0:19  Overlord  
  14  0:39  Spawning Pool  
  14  0:41  Drone x2  
  15  0:55  Overlord  
  15  1:11  Extractor  
  14  1:14  Extractor  
  14  1:16  Drone  
  14  1:17  Drone  
  15  1:27  Queen  
  17  1:38  Drone  
  17  1:39  Drone x2  
  20  1:56  Zergling x2  
  22  2:08  Zergling x2  
  22  2:16  Zergling x2  
  23  2:28  Zergling x2  
  24  2:36  Drone  
  25  2:45  Drone  
  25  2:46  Drone x2  
  28  3:40  Zergling x4  
  29  4:46  Overlord x2  
  29  5:10  Zergling x2  
  29  5:11  Zergling x6  
Tags
 
Matchup
TvZ
Opening
Pool Only
Replay Pack
re
Add a new tag
Caveats
  • Supply blocks, unpowered buildings, or Contaminate may cause inaccurate times.
  • Supply counts are checked every 10 seconds.